 Dungeon Crawl Stone Soup version 0.26-a0-812-g31a745ddcd (webtiles) character file.

Game seed: 15155535430243673566

3302 kae the Cleaver (level 10, 0/86 HPs)
             Began as a Hill Orc Abyssal Knight on Nov 25, 2020.
             Was a Priest of Lugonu.
             Slain by an orc warrior
             ... wielding a +0 glaive
              (16 damage)
             ... on level 8 of the Dungeon.
             The game lasted 00:07:55 (10418 turns).

kae the Cleaver (Hill Orc Abyssal Knight)          Turns: 10418, Time: 00:07:56

Health: 0/86       AC: 12    Str: 19    XL:     10   Next: 1%
Magic:  8/15       EV: 11    Int: 18    God:    Lugonu [***...]
Gold:   219        SH:  0    Dex: 10    Spells: 9/9 levels left

rFire    + . .     SeeInvis .   a - +2 hand axe
rCold    . . .     Faith    .   (no shield)
rNeg     . . .     Spirit   .   e - +0 scale mail (curse)
rPois    .         Reflect  .   n - +2 helmet
rElec    .         Harm     .   u - +0 cloak (curse)
rCorr    .         Rampage  .   (no gloves)
MR       .....     Rnd*Tele +   (no boots)
Stlth    ..........             g - amulet of magic regeneration
HPRegen  0.24/turn              i - ring of protection from fire
MPRegen  0.39/turn              m - +6 ring of intelligence

@: no status effects
A: talons 1, blink, sense surroundings 1, teleportitis 1
a: Blink, Depart the Abyss, Bend Space, Banish, Renounce Religion, Convert to
Beogh


You were on level 8 of the Dungeon.
You worshipped Lugonu.
Lugonu was most pleased with you.
You visited 1 branch of the dungeon, and saw 8 of its levels.
You visited the Abyss 1 time.
You also visited: Sewer.

You collected 219 gold pieces.

Inventory:

Hand Weapons
 a - a +2 hand axe (weapon)
Armour
 b - a +0 pair of gloves
 d - a +0 chain mail
 e - a cursed +0 scale mail (worn)
 n - a +2 helmet (worn)
 u - a cursed +0 cloak (worn)
Jewellery
 g - an amulet of magic regeneration (around neck)
 i - a ring of protection from fire (left hand)
 m - a +6 ring of intelligence (right hand)
Wands
 h - a wand of enslavement (9)
Scrolls
 c - 2 scrolls of remove curse
Potions
 f - 8 potions of curing
 j - 3 potions of lignification
 p - 4 potions of heal wounds
 r - a potion of brilliance
 s - 3 potions of flight
 w - 5 potions of might


   Skills:
 + Level 7.6 Fighting
 * Level 10.7 Axes
 + Level 6.4 Armour
 + Level 4.6 Dodging
 + Level 7.7 Invocations


You had 9 spell levels left.
You didn't know any spells.
Your spell library was empty.

Dungeon Overview and Level Annotations

Branches:
Dungeon (8/15)             Temple (0/1) D:7           Sewer (visited)
   Lair: D:8-11

Altars:
Nemelex Xobeh

Annotations:
D:4 1 runed translucent door, raph's ghost, amateur MiFi


Innate Abilities, Weirdness & Mutations

You have sharp toenails.
You can translocate small distances at will.
You passively map a small area around you.
You are occasionally teleported next to monsters.


Message History

The orc warrior hits you from afar with a +0 glaive!
* * * LOW HITPOINT WARNING * * *
You hit the orc priest.
The orc priest is lightly wounded.
You closely miss the orc priest.
The orc priest hits you but does no damage.
The orc priest begins to cast a cantrip, but forgets the words!
Press: ? - help, Shift-Dir - straight line, f - orc warrior
Aim: an orc warrior, wielding a +0 glaive and wearing a +0 plate armour (chance to defeat MR: 85%)
The orc priest is devoured by a tear in reality.
Lugonu claims a new guest.
The orc warrior hits you from afar with a +0 glaive.
* * * LOW HITPOINT WARNING * * *
The orc priest hits you with a +0 mace.
* * * LOW HITPOINT WARNING * * *
Press: ? - help, Shift-Dir - straight line, f/p - orc warrior
Aim: an orc warrior, wielding a +0 glaive and wearing a +0 plate armour (chance to defeat MR: 85%)
The orc warrior barely resists.
The orc warrior hits you from afar with a +0 glaive!
You die...

..oo...y.......................,*
##....##.......................,*
#......##........#.............,,
.####...........##.............**
,* *#.......................#*,*
,**#..........#####....#..#*****
,*..............#.#.......##
,,...............).........#
,,..............@§o........#
,,..............)o§........#
,,................#.#....###
,,,,..........##.####....# *
,,,,........###..####..#####* *
*,,,........###..#..#...##..*****
*,,,...<.....#.........##...,,,,,
*,,,........................,,,,,
*,,,........................,,,,,


You could see an orc warrior and an orc priest.

Vanquished Creatures
  A spriggan (D:7)
  Duvessa (D:4)
  An orc warrior (D:7)
  A water moccasin (D:7)
  An ice beast (D:6)
  3 sky beasts
  A phantom (D:7)
  A centaur (D:7)
  A necrophage (D:7)
  An ogre (D:7)
  4 big kobolds (Sewer)
  3 bullfrogs
  Dowan (D:4)
  A scorpion (D:7)
  4 worker ants
  4 wights (D:6)
  2 electric eels (D:8)
  2 howler monkeys
  2 bullfrog zombies
  A centaur zombie (D:5)
  A hound (D:8)
  A quasit (D:7)
  2 bullfrog skeletons (D:7)
  Crazy Yiuf (D:4)
  An orc priest (D:8)
  8 orc wizards
  A hound skeleton (D:4)
  A howler monkey zombie (D:6)
  11 adders
  4 gnolls (D:4)
  2 river rats (D:5)
  A shadow imp (D:5)
  A white imp (D:7)
  An ufetubus (D:4)
  6 worms
  3 dart slugs
  6 leopard geckos
  26 orcs
  5 ball pythons
  9 bats
  10 giant cockroaches
  11 hobgoblins
  3 jackals (D:2)
  4 quokkas
  10 frilled lizards
  12 goblins
  16 kobolds
  11 rats
204 creatures vanquished.

Vanquished Creatures (collateral kills)
  An ogre (D:6)
1 creature vanquished.

Vanquished Creatures (others)
  A fungus (Sewer)
  A plant (Sewer)
2 creatures vanquished.

Grand Total: 207 creatures vanquished

Notes
Turn   | Place    | Note
-------+----------+-------------------------------------------
     0 | Abyss:1  | kae the Hill Orc Abyssal Knight began the quest for the
                  | Orb.
     0 | Abyss:1  | Reached XP level 1. HP: 19/19 MP: 2/2
    25 | Abyss:1  | Noticed a thrashing horror
    26 | D:1      | Escaped the Abyss
   202 | D:1      | Reached * piety under Lugonu
   249 | D:1      | Reached skill level 3 in Axes
   249 | D:1      | Reached skill level 1 in Dodging
   282 | D:1      | Reached XP level 2. HP: 27/27 MP: 3/3
   665 | D:1      | Reached XP level 3. HP: 11/33 MP: 5/5
  1663 | D:2      | Reached XP level 4. HP: 37/40 MP: 6/6
  2147 | D:2      | Reached skill level 4 in Axes
  2215 | D:3      | Reached ** piety under Lugonu
  3109 | D:3      | Reached XP level 5. HP: 43/46 MP: 7/7
  3598 | D:4      | Noticed raph's ghost (amateur MiFi)
  3694 | D:4      | You fall into a shaft and drop 3 floors!
  3705 | D:7      | Reached skill level 5 in Axes
  3712 | D:7      | Gained mutation: You passively map a small area around you.
                  | [potion of mutation]
  3712 | D:7      | Gained mutation: You have sharp toenails. [potion of
                  | mutation]
  3712 | D:7      | Gained mutation: You are occasionally teleported next to
                  | monsters. [potion of mutation]
  3712 | D:7      | Gained mutation: You can translocate small distances at
                  | will. [potion of mutation]
  3720 | D:7      | Reached XP level 6. HP: 34/53 MP: 8/8
  3878 | D:7      | Noticed a phantom
  3988 | D:6      | Reached skill level 6 in Axes
  3988 | D:6      | Reached XP level 7. HP: 60/60 MP: 10/10
  3997 | D:6      | Reached skill level 5 in Fighting
  4119 | D:5      | Entered Level 5 of the Dungeon
  4126 | D:5      | Reached *** piety under Lugonu
  4451 | D:5      | Reached skill level 5 in Invocations
  4678 | D:5      | Reached skill level 7 in Axes
  4720 | D:5      | Found a glowing drain.
  4724 | Sewer    | Entered a sewer
  5006 | Sewer    | Reached XP level 8. HP: 60/69 MP: 11/11
  6129 | D:4      | Reached skill level 8 in Axes
  6209 | D:4      | Noticed Duvessa
  6209 | D:4      | Noticed Dowan
  6234 | D:4      | Killed Duvessa
  6241 | D:4      | Killed Dowan
  6365 | D:4      | Reached skill level 5 in Armour
  6510 | D:4      | Reached **** piety under Lugonu
  6638 | D:4      | Found a runed translucent door.
  6760 | D:4      | Found a runed translucent door.
  6761 | D:4      | Noticed Crazy Yiuf
  6781 | D:4      | Killed Crazy Yiuf
  7353 | D:6      | Reached skill level 9 in Axes
  7353 | D:6      | Reached XP level 9. HP: 57/78 MP: 13/13
  8090 | D:7      | Found a sparkling altar of Nemelex Xobeh.
  8618 | D:7      | Reached skill level 10 in Axes
  8777 | D:7      | Found a staircase to the Ecumenical Temple.
  9443 | D:8      | Noticed a boulder beetle
  9446 | D:8      | HP: 2/79 [boulder beetle (21)]
  9459 | D:8      | Noticed a hornet
  9842 | D:7      | Banished a hornet
 10413 | D:8      | Reached XP level 10. HP: 53/86 MP: 15/15
 10418 | D:8      | Slain by an orc warrior

Illustrated notes

Levels and vault maps discovered:
D:1:      minmay_arrival_nine_rooms, layout_basic
D:2:      layout_rooms
D:3:      minmay_bubble_buster, layout_loops_cross
D:4:      layout_rooms, hellmonk_ghost_happy_afterlife, lemuel_another_geyser,
          uniq_crazy_yiuf_cottage, uniq_duvessa
D:5:      layout_basic, gup_sewer_entry_spiral
D:6:      layout_loops_ring
D:7:      layout_rooms, minmay_temple_entry_enclosed_plants, basic_altar,
          the_bakery
D:8:      layout_cave_pools, lemuel_doored_altar, kennysheep_island_fort

Skill      XL: |  1  2  3  4  5  6  7  8  9 |
---------------+----------------------------+-----
Axes           | 3 4 5 6 7 9 10 | 10.7
Dodging        | 1 2 3 4 |  4.6
Fighting       | 4 5 6 7 |  7.6
Invocations    | 3 4 5 6 7 |  7.7
Armour         | 3 4 5 6 |  6.4

Action                   |  1- 3 |  4- 6 |  7- 9 | 10-12 || total
-------------------------+-------+-------+-------+-------++-------
Melee: Hand axe          |   133 |   225 |   536 |     3 ||   897
       Kick              |       |     5 |   122 |       ||   127
Invok: Depart the Abyss  |     1 |       |       |       ||     1
       Bend Space        |       |     1 |     1 |       ||     2
       Banish            |       |       |     2 |     2 ||     4
Evoke: Wand              |       |     2 |     2 |       ||     4
  Use: Scroll            |       |     9 |     7 |       ||    16
       Potion            |       |     6 |     7 |       ||    13
 Stab: Invisible         |       |     6 |       |       ||     6
       Distracted        |       |     1 |       |       ||     1
Armor: Leather armour    |    45 |    10 |       |       ||    55
       Ring mail         |       |    28 |       |       ||    28
       Scale mail        |       |    69 |   186 |     2 ||   257
       Chain mail        |       |       |    75 |       ||    75
Dodge: Dodged            |    92 |   147 |   187 |     1 ||   427

Table legend: (Time is in decaauts)
 A = Elapsed time spent in this place.
 B = Non-inter-level travel time spent in this place.
 C = Inter-level travel time spent in this place.
 D = Time resting spent in this place.
 E = Time spent auto-exploring this place.
 F = Levels seen in this place.
 G = Mean time per level.
                   A        B        C        D        E       F      G
               +--------+--------+--------+--------+--------+-----+--------+
         Total |  10438 |  10104 |    334 |   1473 |   6796 |  10 | 1043.8 |
       Dungeon |   9777 |   9443 |    334 |   1365 |   6350 |   8 | 1222.1 |
         Abyss |     26 |     26 |      0 |      0 |     25 |   1 |   26.0 |
         Sewer |    634 |    634 |      0 |    108 |    421 |   1 |  634.0 |
               +--------+--------+--------+--------+--------+-----+--------+

Top non-repeatable levels by time:
     D:7: 2230 daAuts
     D:5: 1673 daAuts
     D:3: 1450 daAuts
     D:1: 1138 daAuts
     D:4: 1128 daAuts
     D:2: 1033 daAuts
     D:6: 864 daAuts
   Sewer: 634 daAuts
     D:8: 257 daAuts
 Abyss:1: 26 daAuts
